Map: Old Republic LE

Players

SCIInewby - Winner!

  • Race: Zerg Zerg
  • League: Master
  • Spawn Location: 1:00

крабик

  • Race: Zerg Zerg
  • Spawn Location: 7:00

VOD

Have the link to the VOD?

Description

Time

  • Played on: Feb. 6, 2026, 8:33 p.m.
  • Length: 7:18
Show
View Real Time Build Order
Export as new Build Order

SCIInewby Zerg - Winner!

Build Orders: Pool First 

Get SALT Encoding   

  12  0:01  Drone  
  13  0:08  Drone  
  13  0:13  Extractor  
  13  0:16  Drone  
  15  0:22  Overlord  
  15  0:39  Spawning Pool  
  15  0:41  Drone  
  15  0:47  Drone  
  15  0:49  Drone  
  17  0:57  Drone  
  18  1:10  Drone  
  19  1:18  Hatchery  
  18  1:27  Queen  
  18  1:32  Extractor  
  19  1:34  Zergling x2  
  19  1:36  Zergling x2  
  21  1:42  Zergling x2, Extractor  
  21  1:49  Drone  
  22  2:02  Overlord  
  22  2:10  Roach Warren  
  21  2:19  Drone  
  21  2:31  Queen  
  24  2:44  Drone x4  
  28  2:51  Drone  
  28  2:57  Drone  
  29  3:02  Overlord  
  29  3:18  Spine Crawler  
  28  3:20  Drone  
  29  3:29  Spine Crawler  
  29  3:31  Lair  
  28  3:34  Drone  
  30  3:41  Spine Crawler  
  29  3:51  Drone x4, Extractor  
  29  3:54  Extractor  
  31  4:00  Drone  
  31  4:01  Drone  
  31  4:02  Drone  
  34  4:05  Drone  
  34  4:09  Drone  
  36  4:12  Drone  
  37  4:23  Drone x3  
  37  4:24  Drone  
  41  4:26  Drone  
  42  4:37  Drone  
  43  4:39  Spire  
  42  4:48  Infestation Pit  
  42  4:50  Drone x2  
  42  4:52  Hydralisk Den  
  41  4:53  Roach  
  43  5:06  Spore Crawler, Roach  
  44  5:09  Overlord x2  
  44  5:13  Zergling x2  
  44  5:30  Roach x3  
  44  5:31  Roach x4  
  58  5:36  Drone x2  
  57  5:44  Roach  
  54  5:53  Drone  
  55  5:59  Spine Crawler  
  55  6:00  Spine Crawler  
  55  6:01  Mutalisk x3  
  59  6:07  Drone  
  60  6:18  Overlord x3  
  60  6:50  Mutalisk  
  60  6:51  Mutalisk x4  
Show
View Real Time Build Order
Export as new Build Order

крабик Zerg 

Build Orders: 1 Base Baneling Bust, Pool First, Zergling Baneling 

Get SALT Encoding   

  12  0:07  Drone  
  12  0:08  Drone  
  14  0:26  Spawning Pool  
  13  0:41  Drone  
  14  0:43  Overlord  
  14  1:14  Extractor, Zergling x2  
  14  1:15  Zergling x4, Queen  
  18  1:28  Drone  
  19  1:40  Drone  
  20  2:00  Zergling x4  
  22  2:20  Roach Warren  
  21  2:28  Overlord x2  
  21  2:32  Drone  
  21  2:34  Overlord x2  
  22  2:59  Drone x3  
  22  3:02  Extractor  
  24  3:05  Baneling Nest  
  24  3:07  Zergling x6  
  24  3:08  Metabolic Boost  
  26  3:19  Zergling x2  
  25  4:02  Zergling x8  
  29  4:12  Baneling x8  
  29  4:15  Zergling x6  
  32  4:56  Lair  
  32  4:59  Zergling x6  
  37  5:00  Zergling x4  
  32  5:26  Zergling x2  
  32  5:27  Zergling x2  
  31  5:37  Zergling x2  
  31  5:44  Zergling x2  
  31  6:00  Baneling x2  
  31  6:01  Baneling x7  
  31  6:13  Zergling x6  
  32  6:18  Hatchery  
  26  6:29  Roach  
  26  6:47  Baneling x2  
  26  6:48  Baneling x2  
  28  6:58  Zergling x6  
Tags
 
Add a new tag
Caveats
  • Supply blocks, unpowered buildings, or Contaminate may cause inaccurate times.
  • Supply counts are checked every 10 seconds.